 Dungeon Crawl Stone Soup version 0.27-a0-1118-ga84896973d (webtiles) character file.

Game seed: 4119238533622607373

889 DarkShadow the Slasher (level 7, -3/61 HPs)
             Began as a Minotaur Fighter on May 2, 2021.
             Slain by a phantom (8 damage)
             ... on level 5 of the Dungeon.
             The game lasted 00:09:07 (4824 turns).

DarkShadow the Slasher (Minotaur Fighter)           Turns: 4824, Time: 00:09:08

Health: -3/61      AC: 12    Str: 23    XL:     7   Next: 77%
Magic:  6/6        EV:  8    Int:  3    God:
Gold:   862        SH:  0    Dex:  9    Spells: 6/6 levels left

rFire    . . .     SeeInvis .   a - +1 long sword
rCold    . . .     Faith    .   c - +0 kite shield
rNeg     . . .     Spirit   .   b - +0 scale mail
rPois    .         Reflect  .   (helmet restricted)
rElec    .         Harm     .   m - +2 cloak
rCorr    .         Rampage  .   e - +0 pair of gloves
Will     .....                  (no boots)
Stlth    ..........             (no amulet)
HPRegen  0.20/turn              (no ring)
MPRegen  0.10/turn              (no ring)

@: confused
A: horns 2, retaliatory headbutt, dopey 1, sense surroundings 1
a: no special abilities


You were on level 5 of the Dungeon.
You visited 1 branch of the dungeon, and saw 5 of its levels.

You collected 862 gold pieces.

Inventory:

Hand Weapons
 a - a +1 long sword (weapon)
Armour
 b - a +0 scale mail (worn)
 c - a +0 kite shield (worn)
 e - a +0 pair of gloves (worn)
 m - a +2 cloak (worn)
Jewellery
 n - a ring of fire
 s - a ring of flight
Wands
 o - a wand of flame (12)
Scrolls
 f - a scroll of fog
 h - a scroll of amnesia
 i - 3 scrolls of fear
 p - a scroll of enchant armour
 r - a scroll of teleportation {unknown}
Potions
 d - 2 potions of might
 g - a potion of haste
 j - a potion of resistance {unknown}
 k - 2 potions of flight {unknown}
 l - a potion of curing {unknown}
 q - a potion of lignification {unknown}


   Skills:
 + Level 5.2 Fighting
 + Level 7.1 Long Blades
 + Level 6.5 Armour
 - Level 0.3 Dodging
 + Level 5.9 Shields


You had 6 spell levels left.
You didn't know any spells.
Your spell library was empty.

Dungeon Overview and Level Annotations

Branches:
Dungeon (5/15)
 Temple: D:4-7

Altars:
Ru

Shops:
D:1 ?


Innate Abilities, Weirdness & Mutations

You have a pair of horns on your head.
You reflexively headbutt those who attack you in melee.
You are dopey. (Int -2)
You passively map a small area around you.


Message History

You miss the jackal. The jackal closely misses you.
The jackal bites you but does no damage.
The orc wizard hits you with a +0 dagger.
The phantom closely misses you.
The jackal bites you but does no damage.
The jackal barely misses you. x2; Something hits you.
The orc wizard gestures at you while chanting.
You are more confused.
The orc hits you with a +0 short sword.
* * * LOW HITPOINT WARNING * * *
You closely miss the jackal. You headbutt the jackal.
The jackal is moderately wounded.
The jackal closely misses you.
The jackal bites you but does no damage. x2
The phantom hits you but does no damage.
Something hits you.
* * * LOW HITPOINT WARNING * * *
The jackal bites you but does no damage.
The orc hits you but does no damage. The jackal completely misses you.
The orc wizard hits you but does no damage.
The jackal bites you but does no damage.
You are too confused!
You hit the phantom.
The phantom is moderately damaged.
The jackal bites you but does no damage.
The phantom closely misses you. The orc hits you with a +0 flail.
* * * LOW HITPOINT WARNING * * *
The jackal bites you but does no damage. x2
You hear some strange, mumbled words.
A puff of flame appears from out of thin air!
The puff of flame hits you.
* * * LOW HITPOINT WARNING * * *
The orc barely misses you.
The orc wizard hits you but does no damage.
The jackal bites you.
* * * LOW HITPOINT WARNING * * *
The orc hits you with a +0 flail.
* * * LOW HITPOINT WARNING * * *
The phantom hits you!
You die...

###.###.....,
#.....
#.#.#.'.... , ,
#.....
#...#.#.... #*
######
#.###.#.#'# ..
#...
#.....#.#.#,#...
#...
#####'#'#.#...#,
* ####
#........# , , .
#..hho...# #
#..h@Wo..#
#..oo{...# ,
#.[......# *
#........# *,
########.# * *
.# *.. * #


You could see a phantom, an orc wizard, 3 orcs and 3 jackals.

Vanquished Creatures
  A black bear (D:5)
  A sky beast (D:5)
  A phantom (D:5)
  Blork the orc (D:4)
  A centaur zombie (D:5)
  A jelly (D:5)
  Crazy Yiuf (D:2)
  An orc priest (D:5)
  3 hounds
  Natasha (thrice) (D:3)
  A scorpion zombie (D:5)
  An orc wizard (D:4)
  A howler monkey zombie (D:5)
  8 adders
  3 gnolls (D:2)
  A shadow imp (D:4)
  3 adder skeletons (D:4)
  A worm (D:2)
  5 dart slugs
  6 orcs
  6 endoplasms
  3 giant cockroaches
  8 hobgoblins
  9 jackals
  10 kobolds
  5 ball pythons
  4 bats
  3 frilled lizards
  2 goblins
  6 rats
100 creatures vanquished.

Notes
Turn   | Place    | Note
-------+----------+-------------------------------------------
     0 | D:1      | DarkShadow the Minotaur Fighter began the quest for the
                  | Orb.
     0 | D:1      | Reached XP level 1. HP: 19/19 MP: 0/0
   262 | D:1      | Found Yfeontown's Magic Scroll Emporium.
   285 | D:1      | Reached XP level 2. HP: 27/27 MP: 1/1
  1026 | D:2      | Reached skill level 3 in Long Blades
  1026 | D:2      | Reached XP level 3. HP: 22/33 MP: 2/2
  1262 | D:2      | Gained mutation: You are dopey. (Int -2) [potion of
                  | mutation]
  1262 | D:2      | Gained mutation: You passively map a small area around you.
                  | [potion of mutation]
  1474 | D:2      | Reached XP level 4. HP: 38/40 MP: 3/3
  1515 | D:2      | Found a runed translucent door.
  1516 | D:2      | Noticed Crazy Yiuf
  1858 | D:2      | Found a sacrificial altar of Ru.
  2010 | D:2      | Killed Crazy Yiuf
  2011 | D:2      | Reached skill level 4 in Long Blades
  2499 | D:3      | Noticed Natasha
  2505 | D:3      | Killed Natasha
  2506 | D:3      | Reached XP level 5. HP: 38/47 MP: 4/4
  2597 | D:3      | Noticed Natasha
  2604 | D:3      | Killed Natasha
  2605 | D:3      | Reached skill level 5 in Armour
  2773 | D:3      | Noticed Natasha
  2781 | D:3      | Killed Natasha
  3562 | D:4      | Noticed Blork the orc
  3574 | D:4      | Killed Blork the orc
  3575 | D:4      | Reached skill level 5 in Long Blades
  3575 | D:4      | Reached XP level 6. HP: 41/53 MP: 5/5
  3607 | D:4      | Identified a scroll of acquirement
  3607 | D:4      | Acquired 454 gold pieces
  3904 | D:4      | Reached skill level 5 in Shields
  4252 | D:5      | Entered Level 5 of the Dungeon
  4406 | D:5      | Noticed a sky beast
  4415 | D:5      | Killed a sky beast
  4416 | D:5      | Reached skill level 6 in Long Blades
  4416 | D:5      | Reached XP level 7. HP: 60/60 MP: 6/6
  4457 | D:5      | Reached skill level 5 in Fighting
  4727 | D:5      | Reached skill level 7 in Long Blades
  4824 | D:5      | Slain by a phantom

Illustrated notes

Levels and vault maps discovered:
D:1:      nzn_arrival_settlement, layout_loops_corners, serial_shops, shop
D:2:      minmay_door_path, layout_basic, basic_altar, uniq_crazy_yiuf_cottage
D:3:      layout_basic, uniq_natasha
D:4:      layout_rooms, uniq_blork_the_orc
D:5:      layout_basic, hangedman_abyss_or_decor_stagger, minmay_ogre_servants

Skill      XL: |  1  2  3  4  5  6  7 |
---------------+----------------------+-----
Armour         | 4 5 6 |  6.5
Fighting       | 4 5 |  5.2
Long Blades    | 3 4 5 6 7 |  7.1
Shields        | 4 5 |  5.9
Dodging        | |  0.3

Action                   |  1- 3 |  4- 6 |  7- 9 || total
-------------------------+-------+-------+-------++-------
Melee: Long sword        |    59 |   155 |    64 ||   278
       Headbutt          |     8 |    19 |    13 ||    40
  Use: Scroll            |     3 |     6 |       ||     9
       Potion            |     1 |       |       ||     1
Armor: Scale mail        |    26 |    96 |    75 ||   197
Dodge: Dodged            |    21 |    66 |    44 ||   131
Block: Kite shield       |    35 |   103 |    49 ||   187
       Rpst.: Long sword |     6 |    16 |     4 ||    26

Table legend: (Time is in decaauts)
 A = Elapsed time spent in this place.
 B = Non-inter-level travel time spent in this place.
 C = Inter-level travel time spent in this place.
 D = Time resting spent in this place.
 E = Time spent auto-exploring this place.
 F = Levels seen in this place.
 G = Mean time per level.
                   A        B        C        D        E       F      G
               +--------+--------+--------+--------+--------+-----+--------+
         Total |   4927 |   4803 |    124 |    321 |   3708 |   5 |  985.4 |
       Dungeon |   4927 |   4803 |    124 |    321 |   3708 |   5 |  985.4 |
               +--------+--------+--------+--------+--------+-----+--------+

Top non-repeatable levels by time:
     D:2: 1258 daAuts
     D:3: 1201 daAuts
     D:1: 1026 daAuts
     D:4: 844 daAuts
     D:5: 596 daAuts
